 Dungeon Crawl Stone Soup version 0.29.1-1-gd02db69 (webtiles) character file.

Game seed: 8863642096849530017

1 Timinator the Insei (level 1, 0/15 HPs)
             Began as a Demigod Transmuter on Jan 13, 2023.
             Slain by a gnoll
             ... wielding a +0 club
              (5 damage)
             ... on level 1 of the Dungeon.
             The game lasted 00:00:21 (67 turns).

Timinator the Insei (Demigod Transmuter)              Turns: 67, Time: 00:00:21

Health: 0/15       AC:  2    Str: 11    XL:     1   Next: 13%
Magic:  4/5        EV: 12    Int: 15    God:
Gold:   21         SH:  0    Dex: 14    Spells: 2/3 levels left

rFire   . . .      SeeInvis .     - Unarmed
rCold   . . .      Faith    .   (no shield)
rNeg    . . .      Spirit   .   a - +0 robe
rPois   .          Reflect  .   (helmet currently unavailable)
rElec   .          Harm     .   (no cloak)
rCorr   .          Rampage  .   (no gloves)
Will    .....                   (boots currently unavailable)
Stlth   +.........              (no amulet)
HPRegen 0.05/turn               (no ring)
MPRegen 0.09/turn               (no ring)

@: appendages (expiring)
A: horns 2, talons 2, high MP 1, forlorn, divine attributes
a: End Transformation


You were on level 1 of the Dungeon.
You had temporarily grown beastly horns and talons.
You visited 1 branch of the dungeon, and saw 1 of its levels.

You collected 21 gold pieces.

Inventory:

Armour
 a - a +0 robe (worn)
Potions
 b - a potion of lignification
 c - a potion of flight {unknown}


   Skills:
 * Level 0.9 Fighting
 + Level 1.7 Dodging
 + Level 2.7 Unarmed Combat
 * Level 1.7 Spellcasting
 + Level 1.7 Transmutations


You had 2 spell levels left.
You knew the following spells:

 Your Spells              Type           Power      Damage    Failure   Level
a - Beastly Appendage     Tmut           12%        N/A       11%         1

Your spell library contained the following spells:

 Spells                   Type           Power      Damage    Failure   Level
 Wereblood                Tmut           6%         N/A       17%         2
 Sublimation of Blood     Necr           1%         N/A       34%         2
 Spider Form              Tmut/Pois      4%         N/A       43%         3
 Ice Form                 Ice/Tmut       4%         N/A       83%         4
 Summon Hydra             Summ           0%         N/A       100%        7


Dungeon Overview and Level Annotations

Branches:
Dungeon (1/15)

Annotations:
D:1 2 transporters


Innate Abilities, Weirdness & Mutations

You have temporarily grown beastly horns and talons.
You have an increased reservoir of magic. (+10% MP)
You shall have no god before yourself.
Your divine heritage dramatically boosts your attributes as you level up.


Message History

Confirm with . or Enter, or press ? or * to list all spells.
You grow a pair of large bovine horns.
Your feet morph into talons.
You barely miss the giant cockroach. The giant cockroach closely misses you.
You closely miss the giant cockroach.
Your headbutt misses the giant cockroach.
The giant cockroach closely misses you.
You closely miss the giant cockroach. The giant cockroach misses you.
You hit the giant cockroach. You claw the giant cockroach.
You headbutt the giant cockroach.
You kill the giant cockroach!
Your transformation is almost over.
You see here a giant cockroach corpse.
You pick up a book of Blood and begin reading...
You add the spells Sublimation of Blood and Summon Hydra to your library.
You now have 21 gold pieces (gained 7).
Your horns disappear.
Your talons disappear.
You open the door.
There is an open door here.
A gnoll comes into view. It is wielding a +0 club.
The gnoll shouts!
You see here a murky ruby potion.
c - a murky ruby potion
Casting: Beastly Appendage (safe; 11% risk of failure)
Confirm with . or Enter, or press ? or * to list all spells.
You grow a pair of large bovine horns.
Your feet morph into talons.
A ball python comes into view.
The gnoll misses you.
You completely miss the gnoll. The gnoll hits you with a +0 club.
You completely miss the gnoll. The gnoll hits you with a +0 club.
You closely miss the gnoll.
Your transformation is almost over.
The ball python hisses angrily.
The gnoll barely misses you.
You hit the gnoll. You claw the gnoll.
The gnoll is heavily wounded.
The gnoll barely misses you.
You barely miss the gnoll. You claw the gnoll. You headbutt the gnoll.
The gnoll is severely wounded.
The gnoll hits you with a +0 club.
You die...

###### ######....#
...######....#....######
....S.g@..........'.....
#########.........#....#
#.....#####....#
#.....#####....†
#...............
###########....)
........# ###.....#
#.#.###


You could see a gnoll and a ball python.

Vanquished Creatures
  A giant cockroach (D:1)
1 creature vanquished.

Notes
Turn   | Place    | Note
-------+----------+-------------------------------------------
     0 | D:1      | Timinator the Demigod Transmuter began the quest for the
                  | Orb.
     0 | D:1      | Reached XP level 1. HP: 15/15 MP: 5/5
    67 | D:1      | Slain by a gnoll

Illustrated notes

Levels and vault maps discovered:
D:1:      spicycebolla_arrival_transporter_tutorial, layout_basic

Action                   || total
-------------------------++-------
Melee: Unarmed           ||     9
       Kick              ||     3
       Headbutt          ||     2
 Cast: Beastly Appendage ||     2
Dodge: Dodged            ||     6
